Unix NetHack Version 5.0.0-0 post-release - last build Jun 10 2026 00:39:30 (3ee93aec679c4c4259841fe613dc97188e26a321,branch:main).

Game began 2026-06-15 05:30:30, ended 2026-06-15 06:19:48.

Aranth, chaotic female elven Wizard

        ----------      #--------------------------------
        |<.......-#####)#...............................|
        |........|    ###|[-----------.......--------...|
        |........|   ## )|.|  |(!(|..|.------|..|+.+|...|
        -----[----      )|.+  |!((|..|.|.....|..|.+.|....
           ###          #|.---|...||--.|.._..|-||...|...|
           #            #|.)..--|--....|.....|..---|-...|
       #####            #|.............|.....|..........|##
       #                #|...........{.--|----.{.........##
     ###                #|...............@@.............|#
     ###              ###|...--|--+--...........--|--...|
    -.------            #|...|(.[|  |---.-------|...|...|
    |....^..#############|...|*[!|  |..-.|.%%|  |(.(|...|
    |......|             |...|"..|--|..|f-.%%|  |(((|...|
    |.>....|             |...-----..----.------+-----...|
    |......|             |..............................|
    --------             --------------------------------

Aranth the Thaumaturge    St:10 Dx:16 Co:15 In:18 Wi:11 Ch:9  Chaotic
Dlvl:5  $:495 HP:0(61) Pw:28(89) AC:-5 Xp:7 T:3172  Hungry   Burdened

Latest messages:
 S - an uncursed key.
 n - a magic marker (0:19).
 t - an uncursed blue gem.
 A - 2 uncursed blue gems.
 k - an uncursed green gem.
 J - 2 uncursed green gems.
 E - an uncursed green gem.
 X - an uncursed orange gem.
 s - 3 uncursed red gems.
 m - an uncursed yellowish brown gem.
 Your movements are slowed slightly because of your load.
 What do you want to take off? [bxz or ?*] *
 You were wearing an uncursed +0 cloak of magic resistance.
 What do you want to wear? [bI or ?*] *
 You finish your dressing maneuver.
 What do you want to wear? [b or ?*] b
 You are now wearing a cloak of magic resistance.
 In what direction? 2
 The spell hits the rope golem!
 In what direction? 2
 The spell hits the rope golem!
 You destroy the rope golem!
 In what direction? 6
 The spell misses the watch captain.
 In what direction? 6
 The spell misses the watch captain.
 You are beginning to feel hungry.
 You begin bashing monsters with your bare hands.
 You miss the watch captain.
 What do you want to wield? [- afN or ?*] *
 N - a blessed curved sword (weapon in right hand).
 The watch captain swings her long sword.
 The watch captain hits!
 The watch captain swings her long sword.
 The watch captain hits again!
 The watch captain swings her long sword.
 The watch captain hits!
 The watch captain swings her long sword.
 The watch captain hits again!
 What do you want to zap? [cqBF or ?*] F
 In what direction? 6
 The sleep ray hits the watch captain.
 The watch captain swings her long sword.
 The watch captain misses!
 The watch captain swings her long sword.
 The watch captain hits!
 You die...
 Do you want your possessions identified? [ynq] (y) y
 Do you want to see your attributes? [ynq] (y) n
 Do you want an account of creatures vanquished? [ynaq] (y) q

Inventory:
 Coins    ('$')
  $ - 495 gold pieces
 Weapons  (')')
  f - a +0 dagger
  a - a blessed +1 quarterstaff
  N - a blessed +0 scimitar (weapon in right hand)
 Armor    ('[')
  x - an uncursed rusty +0 dwarvish iron helm (being worn)
  z - an uncursed +0 pair of iron shoes (being worn)
  b - an uncursed +0 cloak of magic resistance (being worn)
  I - a blessed greased +2 silver dragon scale mail (being worn)
 Comestibles  ('%')
  u - an uncursed food ration
  L - a cursed food ration
  v - an uncursed lembas wafer
  w - an uncursed sprig of wolfsbane
  M - a cursed tripe ration
 Scrolls  ('?')
  V - a cursed scroll of confuse monster
  O - an uncursed scroll of create monster
  R - a cursed scroll of enchant armor
  C - a blessed scroll of fire
  Q - a cursed scroll of gold detection
  j - an uncursed scroll of light
  i - an uncursed scroll of remove curse
  G - an uncursed scroll of taming
  D - an uncursed scroll of teleportation
 Spellbooks  ('+')
  T - an uncursed spellbook of detect monsters
  U - an uncursed spellbook of detect treasure
  l - a blessed spellbook of force bolt
  W - an uncursed spellbook of restore ability
 Potions  ('!')
  h - an uncursed potion of oil
  g - an uncursed potion of paralysis
  P - 2 uncursed potions of water
 Rings    ('=')
  e - an uncursed ring of conflict
  y - a cursed ring of hunger
  Z - a cursed ring of protection from shape changers
  d - an uncursed ring of searching
 Wands    ('/')
  q - a wand of light (0:13)
  F - a wand of sleep (0:2)
  c - a wand of slow monster (0:6)
  B - a wand of striking (0:3)
 Tools    ('(')
  o - an uncursed leather drum
  n - a magic marker (0:19)
  S - an uncursed skeleton key
  K - an uncursed tallow candle
 Gems/Stones  ('*')
  X - an uncursed agate stone
  m - an uncursed amber stone
  J - 2 uncursed aquamarine stones
  E - an uncursed emerald
  t - an uncursed fluorite stone
  A - 2 uncursed worthless pieces of blue glass
  k - an uncursed worthless piece of green glass
  s - 3 uncursed worthless pieces of red glass

Aranth the Wizard's attributes:

Background:
 You were a Thaumaturge, a level 7 female elven Wizard.
 You were chaotic, on a mission for Anhur
 who was opposed by Ptah (lawful) and Thoth (neutral).
 You were right-handed.
 You were in the Gnomish Mines, on level 5.
 You entered the dungeon 3172 turns ago.
 There was a new moon in effect when your adventure ended.
 You had 768 experience points, 512 more were needed to attain level 8.

Basics:
 You had 0 out of 61 hit points.
 You had 28 out of 89 energy points (spell power).
 Your armor class was -5.
 Your wallet contained 495 zorkmids.
 Autopickup was off.

Final Characteristics:
 Your strength was 10 (limit:18).
 Your dexterity was 16 (limit:18).
 Your constitution was 15 (limit:16).
 Your intelligence was 18 (limit:20).
 Your wisdom was 11 (limit:20).
 Your charisma was 9 (limit:18).

Final Status:
 You were hungry.
 You were burdened; movement was slightly slowed.
 You were wielding a saber.
 You had no skill with saber.

Final Attributes:
 You were piously aligned.
 You were magic-protected.
 You were sleep resistant.
 You had infravision.
 You would have confused monsters when hitting them.
 You were warded.
 You had reflection.
 You are dead.

Miscellaneous:
 You encountered 1 bones level.
 Total elapsed playing time was 49 minutes and 17 seconds.

Major events:
 Turn
    1: Aranth the chaotic female elven Wizard entered the dungeon
  553: entered the Gnomish Mines
  560: attained the rank of Conjurer (level 3)
 1177: reached Mine Town
 1616: read a Discworld novel
 1692: attained the rank of Thaumaturge (level 6)
 3172: killed by a watch captain

Spells:
 Name                 Level Category     Fail Retention
 force bolt             1   attack         4%   81%-85%
 detect monsters        1   divination     4%  76%-100%

Skills:
 Fighting Skills
   bare handed combat [Unskilled]
   riding             [Unskilled]
 Weapon Skills
   dagger             [Unskilled]
   knife              [Unskilled]
   axe                [Unskilled]
   short sword        [Unskilled]
   club               [Unskilled]
   mace               [Unskilled]
   quarterstaff       [Basic]
   polearms           [Unskilled]
   spear              [Unskilled]
   trident            [Unskilled]
   sling              [Unskilled]
   dart               [Unskilled]
   shuriken           [Unskilled]
 Spellcasting Skills
   attack spells      [Skilled]
   healing spells     [Unskilled]
   divination spells  [Unskilled]
   enchantment spells [Basic]
   clerical spells    [Unskilled]
   escape spells      [Unskilled]
   matter spells      [Unskilled]

Voluntary challenges:
 Character rerolling was not enabled.
 You never genocided any monsters.
 You never polymorphed an object.
 You never changed form.
 You used no wishes.
Achievements:
 You entered the Gnomish Mines.
 You attained the rank of Conjurer.
 You entered Minetown.
 You entered a shop.
 You read from a Discworld novel.
 You entered a temple.
 You attained the rank of Thaumaturge.

 The Dungeons of Doom: levels 1 to 2
    Level 1:
       Many altars, a grave.
    Level 2:
       Stairs down to The Gnomish Mines.
 The Gnomish Mines: levels 3 to 7
    Level 3:
    Level 4:
    Level 5: <- You were here.
       Many shops, a temple and an altar to Anhur, some fountains.
       Final resting place for
          you, killed by a watch captain.
    Level 6:
       A grave.
       Final resting place for
          trythisone-Val-Hum-Fem-Law, killed by a giant rat, while praying.
    Level 7:


Vanquished creatures:
  a ghost
  3 watchmen
  a leprechaun
 an orc mummy
  a dingo
  a dust vortex
  a raven
  a rope golem
  a bugbear
  a water nymph
  a mountain nymph
  5 gnome leaders
  2 gnomish wizards
  a gray ooze
  a straw golem
  a floating eye
 10 dwarves
  a homunculus
  2 kobold leaders
  5 hill orcs
  6 rothes
  2 giant bats
  a monkey
  a wererat
  2 iguanas
  a hobbit
  2 giant rats
 34 gnomes
  a gnome zombie
  2 geckos
  2 goblins
  5 sewer rats
  5 lichens
  a kobold zombie
  a newt
107 creatures vanquished.

No species were genocided or became extinct.

Game over:
                       ----------
                      /          \
                     /    REST    \
                    /      IN      \
                   /     PEACE      \
                  /                  \
                  |      Aranth      |
                  |      495 Au      |
                  |   killed by a    |
                  |  watch captain   |
                  |                  |
                  |                  |
                  |       2026       |
                 *|     *  *  *      | *
        _________)/\\_//(\/(/\)/\//\/|_)_______

Goodbye Aranth the Wizard...

You died in The Gnomish Mines on dungeon level 5 with 3858 points,
and 495 pieces of gold, after 3172 moves.
You were level 7 with a maximum of 61 hit points when you died.

